 Dungeon Crawl Stone Soup version 0.30.1-8-g117510f58f (webtiles) character file.

Game seed: 12203594673436911752

6667 Amplified the Fighter (level 10, -1/83 HPs)
             Began as a Mummy Gladiator on Sept 22, 2023.
             Was an Initiate of Gozag.
             Slain by a centaur warrior
             ... wielding a +2 heavy battleaxe
              (15 damage)
             ... on level 9 of the Dungeon.
             The game lasted 00:11:16 (7110 turns).

Amplified the Fighter (Mummy Gladiator)             Turns: 7110, Time: 00:11:17

Health: -1/83      AC: 12    Str: 18    XL:     10   Next: 73%
Magic:  13/19      EV: 12    Int: 12    God:    Gozag
Gold:   325        SH:  5    Dex: 13    Spells: 14/21 levels left

rFire   . . .        b - +7 spear "Panasatou" {venom, Fragile rC+ rN+}
rCold   + + .        r - +0 buckler
rNeg    + + +        l - +2 leather armour {rF+}
rPois   ∞            c - +2 helmet
rElec   .            (no cloak)
rCorr   .            (no gloves)
SInv    .            (no boots)
Will    +....        z - amulet of the acrobat
Stlth   +            h - +4 ring of protection
HPRegen 0.33/turn    q - ring of wizardry
MPRegen 0.16/turn

%: acrobat, faith, wizardry (x1)
@: freezing walls
A: cold resistance 1, negative energy resistance 3, torment resistance 2, heat
vulnerability 1, in touch with death 1, no potions, faith
a: Renounce Religion, Potion Petition, Call Merchant, Bribe Branch


You were on level 9 of the Dungeon.
You worshipped Gozag.
Gozag was aware of your devotion.
You visited 2 branches of the dungeon, and saw 10 of its levels.
You also visited: Ossuary.

You collected 827 gold pieces.
You paid 502 gold pieces to Gozag.

Inventory:

Hand Weapons
 a - a +0 quarterstaff
 b - the +7 spear "Panasatou" (weapon) {venom, Fragile rC+ rN+}
   (You found it on level 4 of the Dungeon)

   rC:        It protects you from cold.
   rN:        It protects you from negative energy.
   Fragile:   It will be destroyed if unequipped.
 g - a +2 hand axe of freezing
Missiles
 j - 17 poisoned darts (quivered)
Armour
 c - a +2 helmet (worn)
 l - a +2 leather armour of fire resistance (worn)
 r - a +0 buckler (worn)
Jewellery
 h - a +4 ring of protection (left hand)
 m - a ring of resist corrosion
 q - a ring of wizardry (right hand)
 z - an amulet of the acrobat (around neck)
Wands
 u - a wand of flame (22)
Scrolls
 f - 4 scrolls of magic mapping
 i - 5 scrolls of teleportation
 k - 2 scrolls of amnesia
 n - 2 scrolls of butterflies
 o - 2 scrolls of enchant weapon
 p - a scroll of fear
 s - a scroll of poison
 t - 2 scrolls of noise
 x - a scroll of brand weapon
 y - a scroll of immolation


   Skills:
 * Level 9.2 Fighting
 - Level 2.1(4.8) Axes
 * Level 6.9(7.3) Polearms
 - Level 2.6(5.1) Staves
 - Level 1.5 Throwing
 - Level 3.3 Dodging
 - Level 5.6 Shields
 * Level 6.4 Spellcasting
 - Level 1.2 Translocations
 * Level 3.8 Ice Magic


You had 14 spell levels left.
You knew the following spells:

 Your Spells              Type           Power      Damage    Failure   Level
a - Frozen Ramparts       Ice            26%        1d4       6%          3
b - Manifold Assault      Tloc           6%         N/A       50%         4

Your spell library contained the following spells:

 Spells                   Type           Power      Damage    Failure   Level
 Freeze                   Ice            52%        1d6       2%          1
 Apportation              Tloc           12%        N/A       6%          1
 Necrotise                Necr           20%        1d5       11%         1
 Summon Small Mammal      Summ           12%        N/A       11%         1
 Hailstorm                Conj/Ice       8%         3d4       14%         3
 Summon Forest            Summ/Tloc      2%         N/A       89%         5
 Summon Mana Viper        Hex/Summ       3%         N/A       94%         5
 Dispersal                Tloc           3%         N/A       100%        6
 Summon Cactus Giant      Summ           1%         N/A       100%        6
 Ozocubu's Refrigeration  Ice            6%         4d8       100%        7
 Disjunction              Tloc           3%         N/A       100%        8
 Polar Vortex             Ice            6%         N/A       100%        9
 Simulacrum               Ice/Necr       Unusable   N/A       N/A         6

Dungeon Overview and Level Annotations

Branches:
Dungeon (9/15)             Temple (1/1) D:7         Ossuary (visited)
   Lair: D:8-11         Orc: D:9-12

Altars:
Cheibriados
Gozag
Hepliaklqana
Kikubaaqudgha
Makhleb
Nemelex Xobeh
Okawaru
Qazlal
Ru
Sif Muna
Trog
Uskayaw
Vehumet
Wu Jian
Xom
Yredelemnul

Shops:
D:6 (


Innate Abilities, Weirdness & Mutations

You are immune to poison.
Your flesh is cold resistant. (rC+)
You are immune to negative energy. (rN+++)
You are immune to unholy pain and torment.
You are vulnerable to heat. (rF-)
You are in touch with the powers of death.
You do not drink.
You have a special connection with the divine. (Faith)


Message History

Your frozen ramparts will break if you move.
Continue?
Okay, then.
Your frozen ramparts will break if you move.
Continue?
The frozen ramparts melt away as you move.
The centaur warrior is engulfed in poison gas.
The centaur warrior looks as sick as possible!
The centaur warrior misses you.
The centaur warrior kicks you but does no damage.
Unknown command.
Casting: Frozen Ramparts (dangerous; 6% risk of failure)
Confirm with . or Enter, or press ? or * to list all spells.
Casting: Frozen Ramparts (dangerous; 6% risk of failure)
Press: ? - help, Dir - look around, f - activate
There is a cloud of poison gas here.
The walls around you are covered in ice.
The centaur warrior is engulfed in poison gas.
The centaur warrior looks as sick as possible!
The wall freezes the centaur warrior.
The centaur warrior hits you with a +2 heavy battleaxe!!
* * * LOW HITPOINT WARNING * * *
The centaur warrior misses you.
Unknown command.
Unknown command.
You puncture the centaur warrior!
The centaur warrior looks as sick as possible!
The centaur warrior is heavily wounded.
The centaur warrior is engulfed in poison gas.
The centaur warrior looks as sick as possible!
The wall freezes the centaur warrior but does no damage.
You block the centaur warrior's attack.
The centaur warrior kicks you but does no damage.
Unknown command.
You puncture the centaur warrior!
The centaur warrior is almost dead.
The centaur warrior is engulfed in poison gas.
The centaur warrior looks as sick as possible!
The wall freezes the centaur warrior but does no damage.
The centaur warrior hits you with a +2 heavy battleaxe!
You die...
Your body crumbles into a pile of gold.

...............!.....
............$...#
............##.###
......[.......##.##
.............##...##
#######.#...##..#..##
#.#..##..###..##
#.#.##..##c##..##
#..##..##§@§##..# ##
##..##§§.##..##
#####.##..##..#'#..##
.........##..##§§.##
........##..##§§§##
######...##. ##☼##
#....## ### #.....##
##......##


You could see a centaur warrior (extremely poisoned).

Vanquished Creatures
  Harold (D:9)
  Erolcha (D:9)
  A two-headed ogre (D:8)
  2 hornets (D:8)
  3 wyverns
  Edmund (D:5)
  2 water moccasins
  An orc warrior (D:8)
  An ice beast (D:8)
  A sky beast (D:8)
  A black bear (D:4)
  2 ogres
  A phantom (D:4)
  3 kobold brigands
  3 elf zombies (Ossuary)
  A gnoll sergeant (D:9)
  7 bullfrogs
  2 scorpions (D:4)
  4 wights (D:8)
  12 killer bees (D:9)
  6 howler monkeys
  2 electric eels (D:7)
  A centaur zombie (Ossuary)
  2 human zombies (Ossuary)
  4 hounds
  A jelly (D:7)
  5 orc priests
  2 iguanas
  A sleepcap (D:7)
  9 orc wizards
  2 mummies (Ossuary)
  4 gnolls (D:9)
  8 adders
  A shadow imp (D:6)
  2 white imps
  An adder zombie (Ossuary)
  3 worms
  8 dart slugs
  24 orcs
  6 ball pythons
  4 endoplasms
  3 giant cockroaches
  3 hobgoblins
  18 jackals
  12 kobolds
  A quokka (D:1)
  6 bats
  3 frilled lizards
  8 goblins
  2 goblin zombies (Ossuary)
  8 hobgoblin zombies (Ossuary)
  A jackal zombie (Ossuary)
  14 kobold zombies (Ossuary)
  5 orc zombies (Ossuary)
  7 rats
237 creatures vanquished.

Notes
Turn   | Place    | Note
-------+----------+-------------------------------------------
     0 | D:1      | Amplified the Mummy Gladiator began the quest for the Orb.
     0 | D:1      | Reached XP level 1. HP: 16/16 MP: 1/1
    77 | D:1      | Reached XP level 2. HP: 22/22 MP: 2/2
   229 | D:1      | Found a faded altar of an unknown god.
   509 | D:2      | Reached skill level 1 in Spellcasting
   509 | D:2      | Gained mutation: You are in touch with the powers of death.
                  | [Mummy growth]
   509 | D:2      | Reached XP level 3. HP: 26/28 MP: 4/4
   602 | D:2      | Reached skill level 1 in Axes
   791 | D:2      | Reached XP level 4. HP: 28/34 MP: 6/6
   886 | D:2      | Identified the +3 rapier of the Four Emperors {venom, rN+
                  | Dex+3}
  1072 | D:2      | Reached skill level 3 in Fighting
  1475 | D:3      | Learned a level 3 spell: Frozen Ramparts
  1874 | D:4      | Found a bloodstained altar of Trog.
  1882 | D:4      | Reached XP level 5. HP: 41/41 MP: 8/8
  1888 | D:4      | Reached skill level 1 in Ice Magic
  1980 | D:4      | Reached XP level 6. HP: 47/47 MP: 10/10
  2022 | D:4      | Identified the +7 spear "Panasatou" {venom, Fragile rC+
                  | rN+}
  2409 | D:4      | Reached skill level 4 in Fighting
  2409 | D:4      | Reached skill level 1 in Polearms
  2452 | D:4      | Reached XP level 7. HP: 48/54 MP: 12/12
  2536 | D:4      | Identified the +9 mace of Naept {drain, rC+}
  2636 | D:4      | Learned a level 4 spell: Manifold Assault
  2652 | D:5      | Entered Level 5 of the Dungeon
  2723 | D:5      | Noticed Edmund
  2737 | D:5      | Killed Edmund
  2741 | D:5      | Reached skill level 1 in Translocations
  3474 | D:6      | Reached skill level 5 in Fighting
  3474 | D:6      | Reached skill level 1 in Shields
  3590 | D:6      | Reached XP level 8. HP: 58/62 MP: 14/14
  3659 | D:6      | Found a shimmering blue altar of Sif Muna.
  3794 | D:6      | You fall into a shaft and drop 2 floors!
  3978 | D:7      | Reached skill level 6 in Fighting
  4045 | D:7      | Found a staircase to the Ecumenical Temple.
  4050 | Temple   | Entered the Ecumenical Temple
  4179 | D:7      | Found a sand-covered staircase.
  4184 | Ossuary  | Entered an ossuary
  4516 | Ossuary  | Reached XP level 9. HP: 70/71 MP: 15/15
  4877 | D:6      | Found Misoe's Antique Weapon Shop.
  4899 | D:6      | Found an opulent altar of Gozag.
  5087 | D:6      | Became a worshipper of Gozag Ym Sagoz the Greedy
  5235 | D:8      | Noticed a two-headed ogre
  5245 | D:8      | Killed a two-headed ogre
  5246 | D:8      | Reached skill level 7 in Fighting
  5246 | D:8      | Reached skill level 5 in Polearms
  5476 | D:8      | Reached skill level 5 in Shields
  5539 | D:8      | Reached skill level 8 in Fighting
  5791 | D:8      | Reached XP level 10. HP: 67/80 MP: 16/16
  6409 | D:9      | Noticed Harold
  6443 | D:9      | Killed Harold
  6444 | D:9      | Reached skill level 5 in Spellcasting
  6446 | D:9      | Noticed Erolcha
  6755 | D:9      | Killed Erolcha
  6756 | D:9      | Reached skill level 9 in Fighting
  7086 | D:9      | Noticed a centaur warrior
  7110 | D:9      | Slain by a centaur warrior

Illustrated notes

Levels and vault maps discovered:
D:1:      noname_arrival_rooms_in_the_neighbourhood, layout_basic,
          basic_ecumenical_altar
D:2:      layout_basic
D:3:      layout_basic, grunt_decor_resistance, minivault_5
D:4:      layout_gridville, mainiacjoe_overflow_boulevard
D:5:      layout_loops_ring, uniq_edmund
D:6:      layout_rooms, old_standard_altar, mainiacjoe_overflow_brackets,
          serial_shops, shop_fountains
D:7:      kennysheep_slugbush, layout_rooms, kennysheep_mini_moat,
          temple_doors_e, enter_ossuary_5, minivault_23
D:8:      layout_loops_ring, mainiacjoe_overflow_concentric_impassable,
          amcnicky_mini_corridor_feature, grunt_tough_drop
D:9:      layout_long_grid, orc_0_dummy, minmay_diamond_spiral, uniq_erolcha,
          uniq_harold
Temple:   nicolae_temple_ecumenical_triangle

Skill      XL: |  1  2  3  4  5  6  7  8  9 10 |
---------------+-------------------------------+-----
Spellcasting   | 1 2 3 4 6 |  6.4
Axes           | 1 2 |  2.1
Fighting       | 3 4 5 6 8 9 |  9.2
Ice Magic      | 1 2 3 |  3.8
Dodging        | 3 |  3.3
Polearms       | 1 2 4 5 6 |  6.9
Translocations | 1 |  1.2
Shields        | 1 3 5 |  5.6
Staves         | |  2.6
Throwing       | |  1.5

Action                     |  1- 3 |  4- 6 |  7- 9 | 10-12 || total
---------------------------+-------+-------+-------+-------++-------
  Melee: Quarterstaff      |    30 |       |       |       ||    30
         Hand axe          |    59 |    86 |       |       ||   145
         Punch             |     1 |       |     1 |       ||     2
         Spear             |       |    43 |   404 |   151 ||   598
  Throw: Throwing net      |       |       |     3 |     3 ||     6
         Javelin           |       |       |       |     1 ||     1
   Cast: Frozen Ramparts   |       |       |       |     2 ||     2
 Invoke: Potion Petition   |       |       |       |     1 ||     1
  Evoke: Wand              |       |       |     9 |     4 ||    13
    Use: Scroll            |     2 |     3 |     9 |     4 ||    18
   Stab: Sleeping          |     1 |     1 |     2 |       ||     4
         Held in net/web   |       |       |     1 |       ||     1
 Armour: Leather armour    |    35 |    34 |    94 |    30 ||   193
  Dodge: Dodged            |    64 |    61 |   121 |    57 ||   303
  Block: Buckler           |       |       |    39 |    33 ||    72
